 Dungeon Crawl Stone Soup version 0.17-a0-587-g4707e02 (webtiles) character file.

97 Fluffy the Slasher (level 4, 0/35 HPs)
             Began as a Demonspawn Gladiator on Apr 15, 2015.
             Slain by a kobold (3 damage)
             ... on level 2 of the Dungeon.
             The game lasted 00:03:09 (2360 turns).

Fluffy the Slasher (Demonspawn Gladiator)           Turns: 2360, Time: 00:03:09

Health: 0/35       AC:  7    Str: 17    XL:     4   Next: 42%
Magic:  4/4        EV: 11    Int:  9    God:
Gold:   43         SH:  0    Dex: 13    Spells: 0 memorised, 3 levels left

rFire  . . .     SeeInvis .     a - +0 long sword
rCold  + . .     Clarity  .     t - +0 ring mail
rNeg   . . .     SustAb   .     (no shield)
rPois  .         Gourm    .     c - +0 helmet
rElec  .         Spirit   .     p - +0 cloak
rCorr  .         Warding  .     (no gloves)
rMut   .         Stasis   .     (no boots)
MR     .....                    (no amulet)
Stlth  +.........               (no ring)
                                (no ring)

@: not resistant to hostile enchantments, very unstealthy
A: claws 1, cold resistance 1
a: no special abilities


You were on level 2 of the Dungeon.
You were not hungry.

You visited 1 branch of the dungeon, and saw 2 of its levels.

You collected 43 gold pieces.

Inventory:

Hand weapons
 a - a +0 long sword (weapon)
Missiles
 d - 3 throwing nets (quivered)
Armour
 c - a +0 helmet (worn)
 p - a +0 cloak (worn)
 t - a +0 ring mail (worn)
Magical devices
 r - a wand of frost (14)
Scrolls
 e - 2 scrolls of noise {unknown}
 k - a scroll of immolation {unknown}
 l - 2 scrolls of remove curse {unknown}
 n - a scroll of fog {unknown}
 q - a scroll of recharging {unknown}
 s - 4 scrolls of identify {unknown}
Potions
 g - a potion of degeneration {unknown}
 h - a potion of cure mutation {unknown}
 i - a potion of magic {unknown}
 m - a potion of beneficial mutation {unknown}
 o - a potion of brilliance {unknown}
Comestibles
 f - 2 bread rations
 j - a meat ration
 u - a royal jelly


   Skills:
 + Level 3.1 Fighting
 + Level 3.3 Long Blades
 - Level 1.7 Throwing
 + Level 2.2 Armour
 - Level 2.6 Dodging


You had 3 spell levels left.
You didn't know any spells.

Dungeon Overview and Level Annotations

Branches:
Dungeon (2/15)

Altars:


Innate Abilities, Weirdness & Mutations

You have sharp fingernails.
Your flesh is cold resistant.


Message History

You closely miss the adder.
The adder is almost dead.
The kobold barely misses you. The adder bites you but does no damage.
The kobold barely misses you.
You barely miss the adder.
The adder is almost dead.
The adder bites you but does no damage. x2
The kobold hits you but does no damage.
You hit the adder but do no damage.
The adder is almost dead.
The adder closely misses you. The kobold hits you but does no damage.
The adder bites you.
* * * LOW HITPOINT WARNING * * *
You miss the adder.
The adder is almost dead.
The adder misses you. The kobold misses you.
You closely miss the adder.
The adder is almost dead.
The adder closely misses you. The kobold hits you.
You die...

###.##...# . ..#.##.###
.... #.......## .....
#######..########.....!
##...##................
##.....##.#######.......
#...)...#......# .......
#.......#......##...>....
#.......#...†.(.@S......#
##..÷..##.#####..K......#
##...###.# #.........
####'####.# #.........
........#.# #.........
.....(....# ######+#.
........#.#
####'####.############ .#
##†).##.............# .#


You could see an adder and a kobold.

Vanquished Creatures
  4 adders (D:2)
  3 oozes (D:1)
  9 bats
  A giant cockroach (D:1)
  2 goblins
  7 hobgoblins
  3 jackals (D:2)
  6 kobolds
  2 quokkas (D:2)
  3 giant geckos
  2 giant newts (D:2)
  7 rats
49 creatures vanquished.

Notes
Turn   | Place    | Note
--------------------------------------------------------------
     0 | D:1      | Fluffy, the Demonspawn Gladiator, began the quest for the Orb.
     0 | D:1      | Reached XP level 1. HP: 16/16 MP: 1/1
   500 | D:1      | Gained mutation: Your flesh is cold resistant. [demonic ancestry]
   500 | D:1      | Reached XP level 2. HP: 17/22 MP: 2/2
   603 | D:1      | Reached skill level 1 in Armour
   816 | D:1      | Reached skill level 3 in Long Blades
   896 | D:1      | Reached XP level 3. HP: 25/28 MP: 3/3
  2115 | D:2      | Gained mutation: You have sharp fingernails. [demonic ancestry]
  2115 | D:2      | Reached XP level 4. HP: 31/34 MP: 4/4
  2360 | D:2      | Slain by a kobold

Action                   |  1- 3 |  4- 6 || total
-------------------------+-------+-------++-------
Melee: Long sword        |   121 |    65 ||   186
 Stab: Sleeping          |     1 |       ||     1
  Eat: Chunk             |     3 |     2 ||     5
